 Dungeon Crawl Stone Soup version 0.21.1-1-g345015f (webtiles) character file.

56 shakethe the Chopper (level 4, -4/33 HPs)
             Began as a Formicid Warper on Feb 7, 2018.
             Slain by a goblin
             ... wielding a +0 club
             ... led by Robin
              (5 damage)
             ... on level 2 of the Dungeon.
             The game lasted 00:03:29 (1038 turns).

shakethe the Chopper (Formicid Warper)              Turns: 1038, Time: 00:03:29

Health: -4/33      AC:  6    Str: 15    XL:     4   Next: 15%
Magic:  7/7        EV: 11    Int: 13    God:
Gold:   84         SH:  0    Dex: 11    Spells: 7/7 levels left

rFire    . . .     SeeInvis +   a - +0 hand axe
rCold    . . .     Gourm    .   (no shield)
rNeg     . . .     Faith    .   p - +0 ring mail
rPois    .         Spirit   .   (helmet unavailable)
rElec    .         Reflect  .   (no cloak)
rCorr    .         Harm     .   k - +0 pair of gloves
MR       .....                  (no boots)
Stlth    +.........             (no amulet)
HPRegen  0.11/turn              (no ring)
MPRegen  0.10/turn              (no ring)

@: no status effects
A: permanent stasis, dig shafts and tunnels, four strong arms, antennae 3
a: Dig, Shaft Self


You were on level 2 of the Dungeon.
You were hungry.

You visited 1 branch of the dungeon, and saw 3 of its levels.

You collected 84 gold pieces.

Inventory:

Hand Weapons
 a - a +0 hand axe (weapon)
Missiles
 e - 5 tomahawks of dispersal (quivered)
Armour
 b - a +0 leather armour
 k - a +0 pair of gloves (worn)
 p - a +0 ring mail (worn)
Jewellery
 i - an uncursed ring of ice
Scrolls
 d - a scroll of blinking
 g - a scroll of teleportation
 l - a scroll of fear
 q - a scroll of enchant weapon {unknown}
Potions
 o - a potion of heal wounds {unknown}
Books
 c - a book of Spatial Translocations

   Spells                             Type                      Level
   a - Blink                          Translocation                2
   b - Shroud of Golubria             Charms/Translocation         2
   c - Lesser Beckoning               Translocation                3
   d - Gell's Gravitas                Translocation                3
   e - Teleport Other                 Translocation                3
   f - Passage of Golubria            Translocation                4
Comestibles
 f - 4 rations


   Skills:
 - Level 2.1 Fighting
 * Level 3.5 Axes
 - Level 1.0 Throwing
 - Level 1.1 Armour
 + Level 2.5 Dodging
 - Level 2.1 Spellcasting
   Level 2.6 Translocations


You had 7 spell levels left.
You didn't know any spells.

Dungeon Overview and Level Annotations

Branches:
Dungeon (3/15)

Altars:

Annotations:
D:2 Robin
D:3 shakethe's ghost, amateur GrWr


Innate Abilities, Weirdness & Mutations

You cannot be hasted, slowed, berserked, paralysed or teleported.
You can dig through walls and to a lower floor.
Your four strong arms can wield two-handed weapons with a shield.
You have a pair of large antennae on your head. (SInv)


Message History

You barely miss the goblin.
The goblin is heavily wounded.
The goblin no longer looks unusually strong.
Robin completely misses you. The goblin hits you with a club.
* * * LOW HITPOINT WARNING * * *
You closely miss the goblin.
The goblin is moderately wounded.
Robin hits you but does no damage. The goblin misses you.
You closely miss the goblin.
The goblin is moderately wounded.
Robin hits you from afar with a trident.
* * * LOW HITPOINT WARNING * * *
The goblin misses you.
Unknown command.
You hit the goblin but do no damage.
The goblin is moderately wounded.
Robin roars a battlecry!
The goblin goes into a battle-frenzy!
The goblin hits you with a club.
You die...

,* *,* #.#...#)# **,**
** *,#######.#.....#
*,,,*
********,...........#..#
*,,,*
,,,,,,,,,........#.##..#
*,,,*
*,{*****,......gg#.##..#
**+** **,***
*,#######g#.....# *,*
,,,,,* *,* #g#.....#
*,***** ****,***,*
#)#=....# *,**{,,
,,**,,,,,* #@#.....#
*,**,,, ,,,*,#######
#g#....># *,**{,,
,,,*,#.....# #)#....##
*,**,,, ,,,,,#.#<#.#
#.#....#####.#*,,,
,,,*,#.#.#.#
#.#.#........#*,,,
,,,*,#.#.#.#
#.#.#.########*,,,
,,*#,#...#.#
#(#.#.#,,,,,,,+,,,
*###.#####.#
#.#.#.#,*,*****,,,
,..........#
#.#.#.#,********+*


You could see Robin and 4 goblins.

Vanquished Creatures
  An adder (D:3)
  2 oozes
  2 leopard geckos (D:1)
  9 goblins
  5 hobgoblins
  4 bats
  2 frilled lizards
  3 kobolds
  8 rats
36 creatures vanquished.

Notes
Turn   | Place    | Note
-------+----------+-------------------------------------------
     0 | D:1      | shakethe the Formicid Warper began the quest for the Orb.
     0 | D:1      | Reached XP level 1. HP: 16/16 MP: 3/3
    47 | D:1      | Reached XP level 2. HP: 22/22 MP: 5/5
   385 | D:1      | Reached XP level 3. HP: 26/27 MP: 6/6
   405 | D:1      | Reached skill level 3 in Axes
   681 | D:3      | Noticed shakethe's ghost (amateur GrWr)
   993 | D:2      | Noticed Robin
  1015 | D:2      | Reached XP level 4. HP: 16/33 MP: 7/7
  1037 | D:2      | HP: 1/33 [Robin/trident (5)]
  1038 | D:2      | Slain by a goblin

Skill      XL: |  1  2  3 |
---------------+----------+-----
Dodging        | 2 |  2.5
Axes           | 3 |  3.5
Fighting       | |  2.1
Throwing       | |  1.0
Armour         | |  1.1
Spellcasting   | |  2.1
Translocations | |  2.6

Action                   |  1- 3 |  4- 6 || total
-------------------------+-------+-------++-------
Melee: Hand axe          |    86 |    21 ||   107
  Use: Scroll            |     4 |       ||     4
       Potion            |     1 |       ||     1
Armor: Leather armour    |    24 |       ||    24
       Ring mail         |     4 |     8 ||    12
Dodge: Dodged            |    70 |    17 ||    87
